 Dungeon Crawl Stone Soup version 0.28.0-45-g0d030f2227 (webtiles) character file.

Game seed: 3758655149698363745

4462 MisterFreud the Carver (level 10, -1/79 (82) HPs)
             Began as a Palentonga Fighter on May 3, 2022.
             Was a Believer of Okawaru.
             Slain by an orc warrior
             ... wielding a +0 bardiche
              (16 damage)
             ... in a bailey.
             The game lasted 00:13:26 (9561 turns).

MisterFreud the Carver (Palentonga Fighter)         Turns: 9561, Time: 00:13:26

HP:   -1/79 (82)    AC: 27    Str: 19    XL:     10   Next: 15%
MP:   15/16         EV:  9    Int:  9    God:    Okawaru [**....]
Gold: 316           SH:  7    Dex: 14    Spells: 9/9 levels left

rFire   . . .      SeeInvis +   a - +1 long sword
rCold   + . .      Faith    .   c - +1 buckler
rNeg    . . .      Spirit   .   u - +2 acid dragon scales
rPois   .          Reflect  .   h - +0 helmet
rElec   +          Harm     .   b - +0 cloak
rCorr   +          Rampage  .   j - +0 pair of gloves of Subjectivity {rElec}
Will    +....                   p - +0 barding
Stlth   +++.......              (no amulet)
HPRegen 0.23/turn               q - ring of Disaster {rC+ Will+}
MPRegen 0.15/turn               (no ring)

@: heroic, lightly drained, curled up
A: large, rugged brown scales 3, see invisible, deformed body, roll 1, armoured
tail, reflexive curl
a: Rolling Charge, Renounce Religion, Heroism


You were in a bailey.
You worshipped Okawaru.
Okawaru was pleased with you.
You visited 2 branches of the dungeon, and saw 10 of its levels.
You also visited: Bailey.

You collected 456 gold pieces.
You spent 140 gold pieces at shops.

Inventory:

Hand Weapons
 a - a +1 long sword (weapon)
Missiles
 d - 6 javelins
 k - 7 poisoned darts
Armour
 b - a +0 cloak (worn)
 c - a +1 buckler (worn)
 h - a +0 helmet (worn)
 j - the +0 pair of gloves of Subjectivity (worn) {rElec}
   (You found it on level 3 of the Dungeon)

   rElec:     It insulates you from electricity.
 p - a +0 barding (worn)
 u - +2 acid dragon scales (worn)
Jewellery
 q - the ring of Disaster (left hand) {rC+ Will+}
   (You found it on level 5 of the Dungeon)

   [ring of willpower]

   rC:        It protects you from cold.
   Will:      It increases your willpower.
 s - a ring of magical power
Wands
 i - a wand of polymorph (9)
 x - a wand of iceblast (4)
Scrolls
 l - a scroll of fog
 n - 5 scrolls of immolation
 r - a scroll of enchant armour
 v - a scroll of amnesia
 w - 2 scrolls of teleportation
 y - a scroll of magic mapping {unknown}
Potions
 e - a potion of ambrosia
 f - 5 potions of curing
 g - a potion of berserk rage
 m - a potion of haste
 o - 3 potions of heal wounds
 t - a potion of lignification {unknown}


   Skills:
 + Level 6.8(11.8) Fighting
 - Level 9.0(14.0) Long Blades
 - Level 5.0(10.0) Armour
 - Level 5.0(10.0) Shields
 - Level 8.0 Invocations


You had 9 spell levels left.
You didn't know any spells.
Your spell library contained the following spells:

 Spells                   Type           Power      Damage    Failure   Level
 Beastly Appendage        Tmut           0%         N/A       52%         1
 Sandblast                Erth           0%         2d4       52%         1
 Passwall                 Tmut/Erth      0%         N/A       65%         2
 Sublimation of Blood     Necr           0%         N/A       65%         2
 Wereblood                Tmut           0%         N/A       65%         2
 Spider Form              Tmut/Pois      0%         N/A       87%         3
 Stone Arrow              Conj/Erth      0%         3d7       87%         3
 Olgreb's Toxic Radiance  Pois           0%         N/A       99%         4
 Ozocubu's Refrigeration  Ice            0%         4d5       100%        7
 Ignition                 Fire           0%         3d3       100%        8
 Summon Small Mammal      Summ           Unusable   N/A       N/A         1
 Call Canine Familiar     Summ           Unusable   N/A       N/A         3
 Summon Guardian Golem    Hex/Summ       Unusable   N/A       N/A         3
 Summon Hydra             Summ           Unusable   N/A       N/A         7

Dungeon Overview and Level Annotations

Branches:
Dungeon (9/15)             Temple (1/1) D:5          Bailey (1/1)
   Lair: D:8-11         Orc: D:9-12

Altars:
Ashenzari
Dithmenos
Elyvilon
Fedhas
Hepliaklqana
Kikubaaqudgha
Makhleb
Okawaru
Qazlal
Sif Muna
Trog
Wu Jian
Xom
Yredelemnul
Zin
The Shining One

Shops:
D:4 *

Annotations:
D:5 2 transporters, SHADDY's ghost, novice DECj


Innate Abilities, Weirdness & Mutations

You are completely covered in rugged brown scales. (AC +3, +7% HP)
You have supernaturally acute eyesight. (SInv)
Armour fits poorly on your strangely shaped body.
You can roll at nearby foes to attack.
You have a long armoured tail.
You curl defensively after being hit. (AC +7*)


Message History

The orc warrior hits you but does no damage.
The orc hits you but does no damage.
The orc warrior hits you with a +0 halberd!
The orc warrior closely misses you. The orc warrior barely misses you.
The orc barely misses you.
There is an open door, spattered with blood here.
Unknown command.
You hit the orc warrior. You tail-slap the orc warrior.
The orc warrior is heavily wounded.
The orc warrior hits you with a +0 bardiche!
The orc closely misses you.
The orc warrior hits you but does no damage. x2
You hit the orc warrior.
The orc warrior is heavily wounded.
The orc hits you but does no damage. You block the orc warrior's attack.
The orc warrior hits you but does no damage.
The orc closely misses you.
You hit the orc warrior.
The orc warrior is severely wounded.
You block the orc warrior's attack. The orc warrior barely misses you.
The orc barely misses you. The orc warrior completely misses you.
You hit the orc warrior but do no damage.
The orc warrior is severely wounded.
The orc warrior hits you with a +0 bardiche!
The orc hits you but does no damage.
The orc warrior hits you from afar with a +0 glaive.
The orc warrior hits you with a +0 halberd.
* * * LOW HITPOINT WARNING * * *
You closely miss the orc warrior.
The orc warrior is severely wounded.
The orc hits you but does no damage. You block the orc warrior's attack.
The orc warrior hits you with a +0 bardiche.
* * * LOW HITPOINT WARNING * * *
The orc hits you but does no damage.
The orc warrior hits you with a +0 halberd.
* * * LOW HITPOINT WARNING * * *
You block the orc warrior's attack. The orc hits you but does no damage.
You block the orc warrior's attack.
The orc warrior hits you from afar with a +0 bardiche!
You die...

#...))).#
#....)).#
#.......#
##.....##
###'###
#...#
#...#
#...#
#o@o#
##'##


#oooo.# #.......# #..#8#..# #..#.#..# #.......# #. ... .# ## ... ## You could
see 3 orc warriors and 2 orcs.

Vanquished Creatures
  2 centaur zombies
  Maggie (D:6)
  A steam dragon (D:7)
  Edmund (D:3)
  2 water moccasins
  3 orc warriors
  2 black bears
  2 necrophages
  2 ice beasts (D:5)
  6 ogres
  2 phantoms
  A bullfrog (D:6)
  A kobold brigand (D:8)
  2 scorpions
  A wyvern skeleton (D:5)
  2 wights (D:9)
  A water moccasin skeleton (D:5)
  5 killer bees (D:8)
  8 howler monkeys
  2 hounds
  3 jellies
  A bullfrog skeleton (D:6)
  3 centaur skeletons
  5 orc priests
  Crazy Yiuf (D:6)
  A gnoll shaman (D:5)
  An iguana (D:4)
  5 orc wizards
  A killer bee zombie (D:8)
  A hound skeleton (D:5)
  9 adders
  7 gnolls
  A shadow imp (D:6)
  A worm (D:4)
  A dart slug (D:2)
  39 orcs
  6 ball pythons
  14 bats
  7 endoplasms
  5 giant cockroaches
  9 goblins
  7 hobgoblins
  11 kobolds
  A quokka (D:1)
  3 frilled lizards
  7 rats
197 creatures vanquished.

Vanquished Creatures (others)
  A fungus (D:1)
  5 plants (D:1)
6 creatures vanquished.

Grand Total: 203 creatures vanquished

Notes
Turn   | Place    | Note
-------+----------+-------------------------------------------
     0 | D:1      | MisterFreud the Palentonga Fighter began the quest for the
                  | Orb.
     0 | D:1      | Reached XP level 1. HP: 19/19 MP: 1/1
    75 | D:1      | Found a faded altar of an unknown god.
   193 | D:1      | Reached XP level 2. HP: 24/25 MP: 2/2
   318 | D:1      | Reached skill level 3 in Long Blades
   701 | D:2      | Reached XP level 3. HP: 17/31 MP: 3/3
   719 | D:2      | Reached skill level 4 in Long Blades
  1190 | D:2      | Reached XP level 4. HP: 37/37 MP: 4/4
  1718 | D:2      | Reached skill level 5 in Long Blades
  1917 | D:3      | Reached XP level 5. HP: 42/43 MP: 5/5
  1988 | D:3      | Identified the +0 pair of gloves of Subjectivity {rElec}
  2853 | D:3      | Noticed a phantom
  2864 | D:3      | Killed a phantom
  2865 | D:3      | Reached skill level 6 in Long Blades
  2998 | D:3      | Reached XP level 6. HP: 50/50 MP: 6/6
  3217 | D:4      | Found a basalt altar of Yredelemnul.
  3221 | D:4      | Found Taudistrane's Assorted Antiques.
  3247 | D:4      | Reached skill level 7 in Long Blades
  3476 | D:4      | HP: 1/50 [ogre/+0 giant spiked club (20)]
  3477 | D:5      | Entered Level 5 of the Dungeon
  3557 | D:5      | Noticed SHADDY's ghost (novice DECj)
  3791 | D:5      | Found a transporter.
  3825 | D:4      | Gained mutation: You curl defensively after being hit. (AC
                  | +7*) [Palentonga growth]
  3825 | D:4      | Reached XP level 7. HP: 33/55 MP: 7/7
  3829 | D:4      | Found an ancient bone altar of Kikubaaqudgha.
  3840 | D:4      | Noticed Edmund
  4068 | D:4      | Reached skill level 8 in Long Blades
  4300 | D:3      | Killed Edmund
  4575 | D:4      | Reached skill level 9 in Long Blades
  4840 | D:4      | Found a shimmering blue altar of Sif Muna.
  5048 | D:5      | Reached XP level 8. HP: 58/65 MP: 8/8
  5098 | D:5      | Found an ornate altar of the Wu Jian Council.
  5116 | D:5      | Identified the ring of Disaster {rC+ Will+}
  5169 | D:5      | Found a staircase to the Ecumenical Temple.
  5178 | Temple   | Entered the Ecumenical Temple
  5198 | Temple   | Became a worshipper of Warmaster Okawaru
  5259 | D:5      | Reached skill level 1 in Invocations
  5294 | D:5      | Found a shimmering altar of Xom.
  5306 | D:5      | Reached skill level 5 in Fighting
  5378 | D:5      | Found a shimmering altar of Xom.
  5378 | D:5      | Found a shimmering altar of Xom.
  5380 | D:5      | Found a shimmering altar of Xom.
  5533 | D:5      | Found a transporter.
  5622 | D:4      | Bought a scorched platinum amulet for 140 gold pieces
  5622 | D:4      | Identified the amulet of the Past {Faith Rampage} (You
                  | bought it in a shop on level 4 of the Dungeon)
  6036 | D:6      | HP: 1/68 [ogre/+0 giant club (12)]
  6096 | D:7      | Reached * piety under Okawaru
  6097 | D:7      | Reached XP level 9. HP: 26/73 MP: 12/12
  6324 | D:7      | Found a glowing golden altar of the Shining One.
  6767 | D:7      | Found a shadowy altar of Dithmenos.
  7282 | D:6      | Found a runed translucent door.
  7283 | D:6      | Noticed Crazy Yiuf
  7303 | D:6      | Noticed Maggie
  7320 | D:6      | Reached skill level 5 in Armour
  7320 | D:6      | Reached skill level 5 in Shields
  7330 | D:6      | Killed Maggie
  7331 | D:6      | Reached skill level 5 in Invocations
  7760 | D:6      | Killed Crazy Yiuf
  7843 | D:8      | Reached ** piety under Okawaru
  8438 | D:8      | Reached XP level 10. HP: 43/81 MP: 13/15
  9223 | D:9      | Found a flagged portal.
  9279 | Bailey   | Entered a bailey
  9561 | Bailey   | Slain by an orc warrior

Illustrated notes

Levels and vault maps discovered:
D:1:      eino_arrival_cavern_a, layout_rooms,
          shapermc_ecumenical_altar_mp_ritualfount,
          chequers_serial_rivers_room_b
D:2:      layout_rooms, columned_hall_lemuel, minmay_indecisive_spiral
D:3:      layout_loops_cross
D:4:      layout_loops_ring, lemuel_tele_altar,
          mainiacjoe_overflow_small_starburst, mainiacjoe_overflow_alcove_4,
          serial_shops, shop, uniq_edmund
D:5:      layout_rooms, lemuel_round_altar, xom_redecorated,
          minmay_temple_entry_slanted, gammafunk_ghost_stat_death,
          grunt_tough_drop
D:6:      layout_gridville, uniq_maggie, uniq_crazy_yiuf_cottage
D:7:      layout_cave_pools, general_overflow_altar,
          mainiacjoe_overflow_alcove_1
D:8:      layout_basic, minmay_orc_keep
D:9:      layout_basic, minmay_orc_entry_temple_small, enter_bailey_5,
          minmay_misc_feat_roman, uniq_prince_ribbit1
Temple:   jpeg_temple_island
Bailey:   bailey_polearm_5, bailey

Skill      XL: |  1  2  3  4  5  6  7  8  9 10 |
---------------+-------------------------------+-----
Long Blades    | 3 4 5 6 7 9 |  9.0
Fighting       | 4 6 |  6.8
Invocations    | 4 7 8 |  8.0
Armour         | 3 5 |  5.0
Shields        | 3 5 |  5.0

Action                   |  1- 3 |  4- 6 |  7- 9 | 10-12 || total
-------------------------+-------+-------+-------+-------++-------
Melee: Long sword        |   100 |   135 |   338 |   113 ||   686
       Tailslap          |     9 |    21 |    64 |    22 ||   116
Invok: Heroism           |       |       |     2 |     2 ||     4
 Abil: Rolling Charge    |    15 |    22 |    26 |     2 ||    65
  Use: Scroll            |       |     5 |    10 |       ||    15
       Potion            |       |       |     3 |       ||     3
 Stab: Sleeping          |       |       |       |     1 ||     1
Armor: Scale mail        |    85 |    68 |   151 |       ||   304
       Acid dragon scale |       |       |    51 |    92 ||   143
Dodge: Dodged            |    44 |    36 |    70 |    45 ||   195
Block: Buckler           |    26 |    23 |    86 |    54 ||   189
